 Dungeon Crawl Stone Soup version 0.27-a0-216-g1fbed8a51c (webtiles) character file.

Game seed: 11845542259809157779

576 knot the Skirmisher (level 7, 0/55 HPs)
             Began as a Demonspawn Berserker on Feb 1, 2021.
             Was a Believer of Trog.
             Succumbed to an adder's poison
             ... on level 4 of the Dungeon.
             The game lasted 00:03:09 (3386 turns).

knot the Skirmisher (Demonspawn Berserker)          Turns: 3386, Time: 00:03:10

Health: 0/55       AC:  3    Str: 17    XL:     7   Next: 13%
Magic:  7/7        EV: 13    Int: 11    God:    Trog [**....]
Gold:   144        SH:  0    Dex: 12    Spells: 6/6 levels left

rFire    . . .     SeeInvis .   a - +0 hand axe
rCold    . . .     Faith    .   (no shield)
rNeg     . . .     Spirit   .   b - +1 animal skin
rPois    .         Reflect  .   (no helmet)
rElec    .         Harm     +   h - scarf {harm}
rCorr    .         Rampage  .   (gloves unavailable)
Will     .....                  (no boots)
Stlth    +.........             (no amulet)
HPRegen  0.18/turn              (no ring)
MPRegen  0.20/turn              (no ring)

@: lethally poisoned (0 -> -2), berserk cooldown, slowed, very slow
A: claws 3, magic regeneration
a: Renounce Religion, Berserk, Trog's Hand


You were on level 4 of the Dungeon.
You worshipped Trog.
Trog was pleased with you.
You visited 1 branch of the dungeon, and saw 4 of its levels.

You collected 144 gold pieces.

Inventory:

Hand Weapons
 a - a +0 hand axe (weapon)
Missiles
 c - 57 bolts
 f - 88 stones
 g - 56 arrows
 s - 6 silver boomerangs
 v - 5 curare-tipped darts
 w - 2 javelins (quivered)
 y - 8 poisoned darts
Armour
 b - a +1 animal skin (worn)
 h - a scarf of harm (worn)
Jewellery
 l - an uncursed amulet of regeneration {unknown}
Scrolls
 n - 2 scrolls of identify
 q - a scroll of teleportation
Potions
 d - 2 potions of might {unknown}
 e - 2 potions of flight {unknown}
 k - a potion of mutation
 m - a potion of attraction {unknown}
 p - a potion of berserk rage {unknown}
 r - a potion of brilliance {unknown}
 u - a potion of magic {unknown}
 x - a potion of haste {unknown}


   Skills:
 - Level 4.6 Fighting
 * Level 4.5 Axes
 * Level 1.3 Throwing
 - Level 3.6 Armour
 - Level 3.6 Dodging


You had 6 spell levels left.
You didn't know any spells.
Your spell library was empty.

Dungeon Overview and Level Annotations

Branches:
Dungeon (4/15)
 Temple: D:4-7

Altars:
Kikubaaqudgha
Xom


Innate Abilities, Weirdness & Mutations

You have claws for hands.
You regenerate magic rapidly.


Message History

You slash the jackal skeleton!
You destroy the jackal skeleton!
Trog accepts your kill. The adder misses you.
You miss the adder.
The adder is heavily wounded.
* * * LOW HITPOINT WARNING * * *
You feel sick. The adder barely misses you.
You hit the adder.
You kill the adder!
Trog accepts your kill.
You slash the orc!
You kill the orc!
Trog accepts your kill.
An orc comes into view. It is wielding a +0 hand axe.
You feel a strong urge to attack something.
You are no longer berserk.
You are exhausted.
You feel yourself slow down.
You die...

##...##
##.....##
#.......#
#.......#
#)))....##
##.)......
#.††....##
#.......#
#@......#
##.....##
##..^##
#..# .(#
#.# .. #.


There were no monsters in sight!

Vanquished Creatures
  Grinder (D:3)
  Sigmund (D:2)
  A bullfrog (D:4)
  A hound (D:2)
  Terence (D:2)
  An orc wizard (D:4)
  2 adders
  2 oozes
  3 leopard geckos
  4 orcs (D:4)
  A ball python (D:1)
  2 giant cockroaches
  9 goblins
  8 hobgoblins
  3 kobolds (D:1)
  9 bats
  2 frilled lizards
  A jackal skeleton (D:4)
  5 rats
57 creatures vanquished.

Notes
Turn   | Place    | Note
-------+----------+-------------------------------------------
     0 | D:1      | knot the Demonspawn Berserker began the quest for the Orb.
     0 | D:1      | Reached XP level 1. HP: 18/18 MP: 1/1
   496 | D:1      | Gained mutation: You have sharp fingernails. [demonic
                  | ancestry]
   496 | D:1      | Reached XP level 2. HP: 19/24 MP: 2/2
  1003 | D:1      | Reached XP level 3. HP: 25/29 MP: 3/3
  1670 | D:2      | Noticed Sigmund
  1684 | D:2      | Killed Sigmund
  1685 | D:2      | Gained mutation: You have very sharp fingernails. [demonic
                  | ancestry]
  1685 | D:2      | Reached XP level 4. HP: 14/37 MP: 4/4
  1685 | D:2      | Gained mutation: You have claws for hands. [demonic
                  | ancestry]
  1685 | D:2      | Reached XP level 5. HP: 16/42 MP: 5/5
  1976 | D:2      | Noticed Terence
  1987 | D:2      | Killed Terence
  2087 | D:2      | Reached ** piety under Trog
  2461 | D:3      | Noticed Grinder
  2465 | D:3      | Paralysed by Grinder for 6 turns
  2478 | D:3      | Killed Grinder
  2479 | D:3      | Gained mutation: You regenerate magic rapidly. [demonic
                  | ancestry]
  2479 | D:3      | Reached XP level 6. HP: 8/49 MP: 6/6
  3063 | D:3      | Found a shimmering altar of Xom.
  3345 | D:3      | Found an ancient bone altar of Kikubaaqudgha.
  3377 | D:4      | HP: 2/73 [adder (6)]
  3378 | D:4      | Reached skill level 1 in Throwing
  3378 | D:4      | Reached XP level 7. HP: 3/55 MP: 7/7
  3382 | D:4      | HP: 1/82 [poisoned by an adder]
  3386 | D:4      | Succumbed to an adder's poison

Illustrated notes

Levels and vault maps discovered:
D:1:      psy_arrival_radial01, layout_basic
D:2:      layout_loops_ring, st_stairs_10, uniq_sigmund, uniq_terence
D:3:      layout_rooms, marbit_many_paths, lemuel_crystal_altar,
          roderic_roman_lattice, uniq_grinder
D:4:      layout_rooms, chequers_temple_overflow_statue_of_worship,
          overflow_temple_1_default, portal_sewer_entry_d, serial_shops,
          kennysheep_mini, uniq_robin

Skill      XL: |  1  2  3  4  5  6 |
---------------+-------------------+-----
Dodging        | 2 3 |  3.6
Armour         | 2 3 |  3.6
Axes           | 3 4 |  4.5
Fighting       | 4 |  4.6
Throwing       | 1 |  1.3

Action                   |  1- 3 |  4- 6 |  7- 9 || total
-------------------------+-------+-------+-------++-------
Melee: Hand axe          |    88 |    82 |     6 ||   176
Throw: Javelin           |       |     3 |       ||     3
       Stone             |       |     3 |       ||     3
Invok: Berserk           |     1 |     2 |       ||     3
       Trog's Hand       |       |     1 |       ||     1
  Use: Scroll            |       |     6 |       ||     6
 Stab: Sleeping          |     3 |       |       ||     3
Armor: Animal skin       |    26 |    21 |     2 ||    49
Dodge: Dodged            |    74 |    68 |     3 ||   145

Table legend: (Time is in decaauts)
 A = Elapsed time spent in this place.
 B = Non-inter-level travel time spent in this place.
 C = Inter-level travel time spent in this place.
 D = Time resting spent in this place.
 E = Time spent auto-exploring this place.
 F = Levels seen in this place.
 G = Mean time per level.
                   A        B        C        D        E       F      G
               +--------+--------+--------+--------+--------+-----+--------+
         Total |   3423 |   3337 |     86 |    448 |   2478 |   4 |  855.8 |
       Dungeon |   3423 |   3337 |     86 |    448 |   2478 |   4 |  855.8 |
               +--------+--------+--------+--------+--------+-----+--------+

Top non-repeatable levels by time:
     D:1: 1447 daAuts
     D:2: 1268 daAuts
     D:3: 687 daAuts
     D:4: 20 daAuts
